 Dungeon Crawl Stone Soup version 0.31-a0-221-gbddc013574 (webtiles) character file.

Game seed: 15246818712876641051

430 qw the Shooter (level 6, -2/53 HPs)
             Began as a Minotaur Hexslinger on July 4, 2023.
             Slain by an ice beast (3 damage)
             ... on level 5 of the Dungeon.
             The game lasted 00:01:31 (3959 turns).

qw the Shooter (Minotaur Hexslinger)                Turns: 3959, Time: 00:01:32

Health: -2/53      AC:  7    Str: 13    XL:     6   Next: 66%
Magic:  6/6        EV: 11    Int: 10    God:
Gold:   175        SH:  0    Dex: 14    Spells: 6/7 levels left

rFire   . . .        Y - +1 sling
rCold   . . .        (no shield)
rNeg    . . .        j - +0 ring mail
rPois   .            (helmet restricted)
rElec   .            i - +0 cloak
rCorr   .            f - +0 pair of gloves
SInv    .            (no boots)
Will    .....        (no amulet)
Stlth   +            (no ring)
HPRegen 0.28/turn    (no ring)
MPRegen 0.10/turn

%: no passive effects
@: no status effects
A: horns 2, retaliatory headbutt
a: no special abilities


You were on level 5 of the Dungeon.
You visited 1 branch of the dungeon, and saw 5 of its levels.

You collected 175 gold pieces.


Innate Abilities, Weirdness & Mutations

You have a pair of horns on your head.
You reflexively headbutt those who attack you in melee.


   Skills:
 - Level 4.4 Fighting
 + Level 6.7 Ranged Weapons
 - Level 1.0 Armour
 - Level 2.1 Dodging
 - Level 1.0 Spellcasting
 - Level 2.0 Hexes


You had 6 spell levels left.
You knew the following spells:

 Your Spells              Type           Power      Damage    Failure   Level
a - Slow                  Hex            16%        N/A       32%         1

Your spell library contained the following spells:

 Spells                   Type           Power      Damage    Failure   Level
 Inner Flame              Hex/Fire       2%         N/A       82%         3
 Portal Projectile        Hex/Tloc       4%         N/A       82%         3
 Cause Fear               Hex            2%         N/A       97%         4

Inventory:

Hand Weapons
 Y - a +1 sling (weapon)
Armour
 f - a +0 pair of gloves (worn)
 i - a +0 cloak (worn)
 j - a +0 ring mail (worn)
Jewellery
 k - a ring of see invisible
Scrolls
 h - a scroll of identify
Potions
 a - 2 potions of resistance
 b - a potion of might
 c - a potion of brilliance {unknown}
 d - a potion of magic {unknown}
 e - 2 potions of curing
 g - a potion of degeneration {unknown}

Dungeon Overview and Level Annotations

Branches:
Dungeon (5/15)
 Temple: D:4-7

Altars:
Makhleb
Uskayaw
The Shining One

Annotations:
D:5 Ijyb


Message History

You shoot a sling bullet.
The sling bullet hits the ice beast but does no damage.
The ice beast is severely wounded.
The ice beast hits you. The ice beast freezes you.
You shoot a sling bullet.
The sling bullet hits the ice beast but does no damage.
The ice beast is severely wounded.
The ice beast closely misses you.
Ijyb hits you with a +2 spectral club. x2
The ice beast hits you but does no damage.
You shoot a sling bullet.
The sling bullet hits the ice beast but does no damage.
The ice beast is severely wounded.
Ijyb hits you with a +2 spectral club. The ice beast misses you.
You shoot a sling bullet.
The sling bullet barely misses the ice beast.
Ijyb misses you. You furiously retaliate!
You headbutt Ijyb! The ice beast hits you. The ice beast freezes you.
You shoot a sling bullet.
The sling bullet hits the ice beast but does no damage.
The ice beast is severely wounded.
The ice beast hits you but does no damage.
Ijyb zaps a wand.
You resist with some effort.
You shoot a sling bullet.
The sling bullet hits the ice beast but does no damage.
The ice beast is severely wounded.
Ijyb zaps a wand.
You suddenly lose the ability to move!
The ice beast hits you but does no damage.
The ice beast hits you but does no damage.
Ijyb hits you with a +2 spectral club. Ijyb hits you but does no damage.
The ice beast hits you. The ice beast freezes you!
The ice beast hits you but does no damage.
Ijyb zaps a wand.
You resist with some effort. Ijyb hits you with a +2 spectral club.
The ice beast hits you but does no damage.
You can move again.
You shoot a sling bullet. The sling bullet hits the ice beast.
The ice beast is almost dead.
The ice beast hits you.
You die...

## .. #.### ... #...#
#.. #....# ###.# #
..#..... ...## #.! ..
#...l ....#.# #..
.###..Y#!.<..#
#.###.#.###@# ..
##.....#.og###..
#......#...?#.# ..
#.....#.....# ##..
#......#....# .#.#
#.....###...# ..#
.....#.###...###.#
...# ....
##.........###...# .#
#...###...###...###.#


You could see an ice beast, Ijyb, an iguana and an orc.

Vanquished Creatures
  A black bear (D:4)
  A phantom (D:4)
  A howler monkey (D:5)
  Jessica (D:2)
  An orc wizard (D:3)
  5 adders
  An ufetubus (D:4)
  6 dart slugs
  9 orcs
  5 bats
  10 endoplasms
  2 giant cockroaches (D:4)
  6 goblins
  10 hobgoblins
  4 jackals (D:1)
  12 kobolds
  10 quokkas
  9 ball pythons
  2 frilled lizards (D:1)
  7 rats
103 creatures vanquished.

Notes
Turn   | Place    | Note
-------+----------+-------------------------------------------
     0 | D:1      | qw the Minotaur Hexslinger began the quest for the Orb.
     0 | D:1      | Reached XP level 1. HP: 16/16 MP: 1/1
     0 | D:1      | 0 ||| qw: Version: 0.3-a-41-g9d075ac
     0 | D:1      | 0 ||| qw: Game counter: 794
     0 | D:1      | 0 ||| qw: Melee chars always use a shield: true
     0 | D:1      | 0 ||| qw: God list: Okawaru
     0 | D:1      | 0 ||| qw: Allow faded altars: false
     0 | D:1      | 0 ||| qw: Do Orc after clearing Dungeon:15 true
     0 | D:1      | 0 ||| qw: Do second Lair branch before Depths: true
     0 | D:1      | 0 ||| qw: Lair rune preference: random
     0 | D:1      | 0 ||| qw: Goals: Normal
     0 | D:1      | 0 ||| PLANNING D:1-11
    54 | D:1      | 54 ||| FLEEEEING.
    55 | D:1      | 55 ||| FLEEEEING.
    56 | D:1      | 56 ||| FLEEEEING.
    57 | D:1      | 57 ||| FLEEEEING.
   114 | D:1      | Reached skill level 3 in Ranged Weapons
   152 | D:1      | Reached XP level 2. HP: 23/23 MP: 2/2
   646 | D:1      | Reached XP level 3. HP: 23/29 MP: 3/3
   719 | D:1      | 719 ||| READING scroll labelled ORUEBB TOUS.
   720 | D:1      | 720 ||| READING scroll labelled NUAQETU TAID.
   721 | D:1      | 721 ||| DROPPING scroll of poison.
   820 | D:2      | Reached skill level 4 in Ranged Weapons
   874 | D:2      | Found a glowing golden altar of the Shining One.
  1334 | D:2      | Noticed Jessica
  1340 | D:2      | Killed Jessica
  1341 | D:2      | Reached XP level 4. HP: 12/36 MP: 4/4
  1343 | D:2      | HP: 9/36 [poisoned by Jessica]
  1592 | D:2      | 1592 ||| UPGRADING to +0 cloak.
  1597 | D:2      | 1597 ||| READING scroll labelled ZEZUTU OZOTEFI.
  1598 | D:2      | 1598 ||| READING scroll labelled SESIDUCELIBE.
  1599 | D:2      | 1599 ||| READING 2 scrolls labelled LEAKUUTWOG.
  1600 | D:2      | 1600 ||| READING scroll labelled AWIVVEMUBY.
  1601 | D:2      | 1601 ||| DRINKING 2 murky purple potions.
  1602 | D:2      | 1602 ||| DROPPING scroll of fear.
  1812 | D:3      | Found a burning altar of Makhleb.
  1842 | D:3      | Found a hide-covered altar of Uskayaw.
  2102 | D:3      | Reached skill level 5 in Ranged Weapons
  2133 | D:3      | 2133 ||| FLEEEEING.
  2134 | D:3      | 2134 ||| FLEEEEING.
  2155 | D:3      | 2155 ||| FLEEEEING.
  2156 | D:3      | 2156 ||| FLEEEEING.
  2157 | D:3      | 2157 ||| FLEEEEING.
  2158 | D:3      | 2158 ||| FLEEEEING.
  2159 | D:3      | 2159 ||| FLEEEEING.
  2160 | D:3      | 2160 ||| FLEEEEING.
  2165 | D:3      | HP: 6/36 [orc wizard/puff of flame (9)]
  2171 | D:3      | Reached skill level 3 in Fighting
  2340 | D:3      | HP: 5/38 [orc/+1 flail of protection (9)]
  2346 | D:3      | Reached XP level 5. HP: 5/45 MP: 5/5
  2661 | D:3      | 2661 ||| UPGRADING to +0 pair of gloves.
  2666 | D:3      | 2666 ||| UPGRADING to +0 ring mail.
  2676 | D:3      | 2676 ||| DROPPING +0 robe.
  2677 | D:3      | 2677 ||| READING scroll labelled ITIMABE DUGUR.
  2678 | D:3      | 2678 ||| READING scroll labelled UMUKHL CIRPHOYW.
  3009 | D:4      | Reached skill level 1 in Armour
  3292 | D:4      | Noticed a phantom
  3310 | D:4      | Killed a phantom
  3311 | D:4      | Reached skill level 6 in Ranged Weapons
  3311 | D:4      | Reached XP level 6. HP: 28/51 MP: 6/6
  3512 | D:4      | HP: 12/51 [black bear (3)]
  3656 | D:4      | 3656 ||| DRINKING 2 fuming amethyst potions.
  3657 | D:4      | 3657 ||| READING 2 scrolls of identify.
  3657 | D:4      | 3657 ||| IDENTIFYING fizzy green potion
  3895 | D:5      | Entered Level 5 of the Dungeon
  3896 | D:5      | 3896 ||| PLANNING SEWER
  3935 | D:5      | Noticed an ice beast
  3937 | D:5      | Noticed Ijyb
  3954 | D:5      | Paralysed by Ijyb for 5 turns
  3956 | D:5      | HP: 3/53 [ice beast (14)]
  3958 | D:5      | HP: 1/53 [Ijyb/+2 spectral club (3)]
  3959 | D:5      | Slain by an ice beast

Levels and vault maps discovered:
D:1:      sevenhm_arrival_forest_fort_large_1, layout_basic, dk_noncrumbling_4
D:2:      layout_basic, basic_altar, uniq_jessica
D:3:      layout_basic, mainiacjoe_overflow_two_lobes, dreamdust_wishing_well
D:4:      minmay_razor_zed, layout_rooms, minmay_misc_feat_encased
D:5:      nicolae_BIG_FREAKIN_CUBE, layout_loops_ring,
          biasface_ghost_orc_armoury, gup_sewer_entry_bubbles, uniq_ijyb

Skill      XL: |  1  2  3  4  5  6 |
---------------+-------------------+-----
Ranged Weapons | 3 4 5 6 |  6.7
Fighting       | 2 3 4 |  4.4
Armour         | 1 |  1.0
Dodging        | |  2.1
Spellcasting   | |  1.0
Hexes          | |  2.0

Action                     |  1- 3 |  4- 6 || total
---------------------------+-------+-------++-------
   Fire: Sling             |   116 |   229 ||   345
    Use: Scroll            |     2 |     7 ||     9
         Potion            |       |     2 ||     2
 Armour: Robe              |     5 |     5 ||    10
         Ring mail         |       |    58 ||    58
  Dodge: Dodged            |    21 |    87 ||   108

Table legend:
 A = Non-vault XP
 B = Vault XP
 C = Vault XP percentage of total XP
 D = Non-vault monster count
 E = Vault monster count
 F = Vault count percentage of total count
                 A         B        C        D         E       F
            +---------+---------+-------+---------+---------+-------
      Total |     426 |     189 |  30.7 |      86 |      17 |  16.5
            +---------+---------+-------+---------+---------+-------
        D:1 |      39 |       4 |   9.3 |      21 |       3 |  12.5
        D:2 |      47 |      37 |  44.0 |      24 |       1 |   4.0
        D:3 |     100 |       0 |   0.0 |      21 |       0 |   0.0
        D:4 |     169 |     148 |  46.7 |      18 |      13 |  41.9
        D:5 |      71 |       0 |   0.0 |       2 |       0 |   0.0
            +---------+---------+-------+---------+---------+-------
